 Dungeon Crawl Stone Soup version 0.31.0-1-g2c135a0 (webtiles) character file.

Game seed: 10133630067425140127

1348 mallonox the Shield-Bearer (level 8, 0/70 HPs)
             Began as a Minotaur Berserker on Mar 4, 2024.
             Was a Believer of Trog.
             Succumbed to a killer bee's poison
             ... on level 6 of the Dungeon.
             The game lasted 00:10:09 (3976 turns).

mallonox the Shield-Bearer (Minotaur Berserker)     Turns: 3976, Time: 00:10:10

Health: 0/70       AC:  8    Str: 23    XL:     8   Next: 36%
Magic:  1/7        EV:  9    Int:  4    God:    Trog [**....]
Gold:   288        SH: 14    Dex: 11    Spells: 7/7 levels left

rFire   . . .        o - +0 spear (heavy)
rCold   . . .        c - +0 tower shield
rNeg    . . .        p - +0 scale mail
rPois   .            (helmet restricted)
rElec   .            r - +0 cloak
rCorr   +            (no gloves)
SInv    .            (no boots)
Will    .....        m - amulet of guardian spirit Stlth
                     g - ring of resist corrosion
HPRegen 0.31/turn    (no ring)
MPRegen 0.10/turn

%: guardian spirit
@: lethally poisoned (0 -> -5), on berserk cooldown, slowed, very slow
A: horns 2, retaliatory headbutt
a: Renounce Religion, Berserk, Trog's Hand


You were on level 6 of the Dungeon.
You worshipped Trog.
Trog was pleased with you.
You visited 1 branch of the dungeon, and saw 6 of its levels.

You collected 288 gold pieces.

Inventory:

Hand Weapons
 a - a +0 hand axe
 o - a +0 heavy spear (weapon)
Armour
 c - a +0 tower shield (worn)
 p - a +0 scale mail (worn)
 r - a +0 cloak (worn)
Jewellery
 g - a ring of resist corrosion (left hand)
 m - an amulet of guardian spirit (around neck)
Wands
 v - a wand of charming (13)
Scrolls
 b - 2 scrolls of silence {unknown}
 d - 3 scrolls of identify {unknown}
 i - a scroll of teleportation {unknown}
 l - a scroll of poison {unknown}
 n - 2 scrolls of revelation {unknown}
 s - a scroll of vulnerability {unknown}
 t - a scroll of amnesia {unknown}
 w - a scroll of noise {unknown}
Potions
 f - 2 potions of invisibility {unknown}
 h - 3 potions of curing {unknown}
 j - 2 potions of attraction {unknown}
 k - a potion of mutation {unknown}
 q - 2 potions of berserk rage {unknown}
 u - a potion of lignification {unknown}
 x - a potion of ambrosia {unknown}


   Skills:
 + Level 5.8 Fighting
 + Level 6.0(6.6) Axes
 + Level 4.1(5.7) Polearms
 + Level 4.0 Armour
 + Level 4.1 Dodging
 * Level 7.6 Shields


You had 7 spell levels left.
You didn't know any spells.
Your spell library was empty.

Dungeon Overview and Level Annotations

Branches:
Dungeon (6/15)             Temple (0/1) D:4

Altars:
Vehumet

Shops:
D:5 :


Innate Abilities, Weirdness & Mutations

You have a pair of horns on your head.
You reflexively headbutt those who attack you in melee.


Message History

You block the ice beast's attack.
The ice beast hits you but does no damage.
You hit the ice beast but do no damage.
The ice beast is severely wounded.
You block the ice beast's attack.
You barely miss the ice beast.
The ice beast is severely wounded.
The ice beast hits you but does no damage.
The ice beast hits you. The ice beast freezes you!
* * * LOW HITPOINT WARNING * * *
You barely miss the ice beast. Your headbutt misses the ice beast.
The ice beast is severely wounded.
The ice beast hits you.
* * * LOW HITPOINT WARNING * * *
The ice beast freezes you!
* * * LOW HITPOINT WARNING * * *
A red film seems to cover your vision as you go berserk!
You feel yourself moving faster!
You feel mighty! You block the ice beast's attack.
You puncture the ice beast!
You kill the ice beast!
Trog accepts your kill.
Your base Polearms skill increases to level 4!
Your Armour skill increases to level 4!
You start resting.
You feel a strong urge to attack something.
You start resting.
A killer bee is nearby!
A killer bee is nearby!
A killer bee is nearby!
You are too berserk!
You feel your anger nearly subside.
You are no longer berserk.
You are exhausted.
You feel yourself slow down.
The killer bee buzzes angrily.
The killer bee stings you.
* * * LOW HITPOINT WARNING * * *
You are lethally poisoned!
The killer bee poisons you!
You die...

.... # #.... ##
#..#...## . #.......#
.## #.[#... ..# #....
##.#. #..# # ... #@#
#.# #### #.# ##.###...#
<..########.###.y...#
...#..........)...#.#
.......#............#
...#.#.#.#.......###..#
...#(#>.....###..# #.#
####.#>..#)## ##.# . #
#.#...#)# ....


You could see a killer bee.

Vanquished Creatures
  Grinder (D:3)
  Edmund (D:5)
  A black bear (D:4)
  An ice beast (D:6)
  An ogre (D:5)
  2 centaurs
  A scorpion (D:5)
  A howler monkey (D:4)
  2 bombardier beetles
  2 hounds (D:5)
  A jelly (D:6)
  Crazy Yiuf (D:3)
  Jessica (D:3)
  2 orc wizards (D:6)
  4 sleepcaps
  Terence (D:3)
  3 adders
  A shadow imp (D:6)
  A white imp (D:6)
  A dart slug (D:1)
  2 ribbon worms
  9 orcs
  7 bats
  An endoplasm (D:2)
  2 giant cockroaches
  7 goblins
  5 hobgoblins
  2 quokkas
  5 ball pythons
  3 frilled lizards
  A kobold (D:4)
  5 rats
78 creatures vanquished.

Vanquished Creatures (others)
  An orc wizard (D:6)
1 creature vanquished.

Grand Total: 79 creatures vanquished

Notes
Turn   | Place    | Note
-------+----------+-------------------------------------------
     0 | D:1      | mallonox the Minotaur Berserker began the quest for the
                  | Orb.
     0 | D:1      | Reached XP level 1. HP: 19/19 MP: 0/0
   187 | D:1      | Reached XP level 2. HP: 24/27 MP: 1/1
   523 | D:2      | Reached skill level 1 in Shields
  1078 | D:2      | Reached ** piety under Trog
  1079 | D:2      | Reached XP level 3. HP: 33/33 MP: 2/2
  1494 | D:3      | Reached skill level 2 in Shields
  1539 | D:3      | Noticed Grinder
  1543 | D:3      | Paralysed by Grinder for 4 turns
  1550 | D:3      | Killed Grinder
  1551 | D:3      | Reached skill level 5 in Axes
  1551 | D:3      | Reached skill level 3 in Shields
  1551 | D:3      | Reached XP level 4. HP: 41/41 MP: 1/3
  1551 | D:3      | Reached XP level 5. HP: 47/47 MP: 1/4
  1689 | D:3      | Noticed Jessica
  1693 | D:3      | Killed Jessica
  1694 | D:3      | Reached XP level 6. HP: 53/53 MP: 5/5
  1814 | D:3      | Noticed Terence
  1824 | D:3      | Killed Terence
  1825 | D:3      | Reached skill level 4 in Shields
  2183 | D:3      | Found a faded altar of an unknown god.
  2390 | D:3      | Found a runed translucent door.
  2391 | D:3      | Noticed Crazy Yiuf
  2400 | D:3      | Killed Crazy Yiuf
  2643 | D:4      | Found a staircase to the Ecumenical Temple.
  2949 | D:4      | Found a radiant altar of Vehumet.
  2990 | D:4      | Reached skill level 5 in Fighting
  2990 | D:4      | Reached skill level 5 in Shields
  2990 | D:4      | Reached XP level 7. HP: 52/61 MP: 3/6
  3043 | D:4      | Reached skill level 1 in Polearms
  3154 | D:5      | Entered Level 5 of the Dungeon
  3230 | D:5      | Noticed Edmund
  3243 | D:5      | Killed Edmund
  3337 | D:5      | Found Wocrafoy's Book Boutique.
  3518 | D:5      | Reached skill level 6 in Shields
  3598 | D:5      | Reached XP level 8. HP: 63/70 MP: 5/7
  3763 | D:6      | Reached skill level 7 in Shields
  3975 | D:6      | HP: 1/70 [killer bee (5)]
  3976 | D:6      | Succumbed to a killer bee's poison

Illustrated notes

Levels and vault maps discovered:
D:1:      minmay_arrival_plants_in_alcoves, layout_basic
D:2:      layout_loops_corners, kennysheep_generic_room_4
D:3:      wad_lake_hut, layout_basic, shapermc_ecumenical_altar_hornbeckon,
          uniq_grinder, uniq_terence, uniq_crazy_yiuf_cottage, uniq_jessica
D:4:      layout_cave_pools, lemuel_round_altar, minmay_temple_entry_crystal_x
D:5:      layout_rooms, serial_shops, nicolae_inconvenience_store, uniq_edmund
D:6:      layout_loops_cross, ashenzari_altar_1,
          mainiacjoe_sewer_entry_somewhere_in_here_1, minmay_starry_boxes

Skill      XL: |  1  2  3  4  5  6  7  8 |
---------------+-------------------------+-----
Fighting       | 4 5 |  5.8
Shields        | 1 3 5 6 7 |  7.6
Axes           | 4 5 6 |  6.0
Dodging        | 3 4 |  4.1
Polearms       | 3 4 |  4.1
Armour         | 3 4 |  4.0

Action                     |  1- 3 |  4- 6 |  7- 9 || total
---------------------------+-------+-------+-------++-------
  Melee: Hand axe          |    66 |    29 |       ||    95
         Headbutt          |    11 |    11 |    11 ||    33
         Spear             |       |    40 |   111 ||   151
  Throw: Throwing net      |       |       |     1 ||     1
 Invoke: Berserk           |     1 |     1 |     2 ||     4
   Stab: Sleeping          |     2 |       |       ||     2
 Armour: Animal skin       |    27 |    10 |       ||    37
         Scale mail        |       |    25 |    82 ||   107
  Dodge: Dodged            |    15 |    20 |    38 ||    73
  Block: Tower shield      |    45 |    45 |   100 ||   190
